 Dungeon Crawl Stone Soup version 0.29-a0-322-g68df515428 (webtiles) character file.

Game seed: 7284722969016936119

12539 oblizorion1 the Severer (level 11, -1/101 HPs)
             Began as a Hill Orc Fighter on Apr 6, 2022.
             Slain by a 20-headed hydra (7 damage)
             ... on level 11 of the Dungeon on Apr 8, 2022.
             The game lasted 00:50:50 (12819 turns).

oblizorion1 the Severer (Hill Orc Fighter)         Turns: 12819, Time: 00:50:52

Health: -1/101     AC: 27    Str: 22    XL:     11   Next: 94%
Magic:  11/11      EV:  7    Int:  8    God:
Gold:   727        SH:  5    Dex: 12    Spells: 10/10 levels left

rFire   . . .      SeeInvis .   J - +4 hand axe (freeze)
rCold   . . .      Faith    .   c - +0 buckler
rNeg    . . .      Spirit   .   n - +1 plate armour
rPois   .          Reflect  .   (no helmet)
rElec   .          Harm     .   (no cloak)
rCorr   .          Rampage  .   k - +2 pair of gloves
Will    .....                   (no boots)
Stlth   ..........              (no amulet)
HPRegen 0.26/turn               s - +4 ring of protection
MPRegen 0.12/turn               o - +4 ring of protection

@: no status effects
A: no striking features
a: no special abilities


You were on level 11 of the Dungeon.
You visited 1 branch of the dungeon, and saw 12 of its levels.

You collected 843 gold pieces.
You spent 116 gold pieces at shops.

Inventory:

Hand Weapons
 g - a +2 flail of venom
 i - a +1 shortbow of freezing
 l - the +9 battleaxe of Egomania {drain, rF++}
   (You found it on level 2 of the Dungeon)

   A truly terrible weapon, it drains the life of any living foe it strikes.
   rF:        It greatly protects you from fire.
 x - a +1 spear of freezing
 J - a +4 hand axe of freezing (weapon)
Missiles
 b - 22 poisoned darts
 K - 6 javelins
 L - a boomerang
Armour
 c - a +0 buckler (worn)
 k - a +2 pair of gloves (worn)
 n - a +1 plate armour (worn)
Magical Staves
 d - a staff of earth
Jewellery
 a - a +6 ring of strength
 f - a ring of fire
 o - a +4 ring of protection (right hand)
 s - a +4 ring of protection (left hand)
 A - a ring of see invisible
 D - a ring of protection from cold
 E - a +4 ring of slaying
 F - a ring of willpower
 M - a +6 ring of dexterity
Wands
 y - a wand of iceblast (4)
 G - a wand of paralysis (10)
 H - a wand of charming (15)
 I - a wand of flame (23) (quivered)
Scrolls
 h - a scroll of magic mapping
 j - a scroll of fog
 q - a scroll of fear {unknown}
 t - 5 scrolls of teleportation
 B - a scroll of blinking {unknown}
 N - a scroll of brand weapon {unknown}
Potions
 e - a potion of heal wounds
 m - a potion of berserk rage {unknown}
 p - 4 potions of brilliance
 r - 2 potions of flight
 v - 4 potions of curing
 w - a potion of cancellation {unknown}


   Skills:
 + Level 10.9 Fighting
 + Level 15.1(15.3) Axes
 + Level 3.5(9.0) Maces & Flails
 + Level 0.3(8.2) Polearms
 + Level 3.6 Throwing
 + Level 11.5 Armour
 + Level 1.2 Dodging
 + Level 0.5 Stealth
 + Level 4.6 Shields


You had 10 spell levels left.
You didn't know any spells.
Your spell library contained the following spells:

 Spells                   Type           Power      Damage    Failure   Level
 Animate Skeleton         Necr           0%         N/A       100%        1
 Pain                     Necr           0%         1d4       100%        1
 Stone Arrow              Conj/Erth      0%         3d7       100%        3
 Vampiric Draining        Necr           0%         2d6       100%        3
 Animate Armour           Summ/Erth      0%         N/A       100%        4
 Lehudib's Crystal Spear  Conj/Erth      0%         10d2      100%        8


Dungeon Overview and Level Annotations

Branches:
Dungeon (12/15)            Temple (0/1) D:7            Lair (0/6) D:10
    Orc (0/2) D:11

Altars:
Fedhas
Makhleb
Okawaru
Qazlal
Sif Muna
Trog

Shops:
D:9 *


Message History

The 19-headed hydra bites you but does no damage.
The 19-headed hydra barely misses you.
Aiming: Throw Flame
Press: ? - help, Q - select action, (/) - cycle Shift-Dir - straight line, f/p - 19-headed hydra
Aim: a 19-headed hydra (heavily wounded, slow, covered in acid, 89% to hit)
The puff of flame hits the 19-headed hydra.
The 19-headed hydra is severely wounded.
The 19-headed hydra bites you but does no damage. x6
The 19-headed hydra barely misses you. The 19-headed hydra bites you.
The 19-headed hydra closely misses you.
The 19-headed hydra bites you but does no damage.
The 19-headed hydra barely misses you.
The 19-headed hydra completely misses you.
You block the 19-headed hydra's attack.
The 19-headed hydra bites you but does no damage.
The 19-headed hydra bites you!
* * * LOW HITPOINT WARNING * * *
The 19-headed hydra barely misses you.
The 19-headed hydra bites you but does no damage.
The 19-headed hydra bites you!
* * * LOW HITPOINT WARNING * * *
The 19-headed hydra bites you.
* * * LOW HITPOINT WARNING * * *
Unknown command.
Aiming: Throw Flame
Press: ? - help, Q - select action, (/) - cycle Shift-Dir - straight line, f/p - 19-headed hydra
Aim: a 19-headed hydra (severely wounded, slow, covered in acid, 89% to hit)
The puff of flame hits the 19-headed hydra.
The 19-headed hydra is severely wounded.
Unknown command.
Unknown command.
You hit the 19-headed hydra but do no damage.
The 19-headed hydra is severely wounded.
You chop one of the 19-headed hydra's heads off!
The 18-headed hydra grows two more!
You slice the 20-headed hydra!! You freeze the 20-headed hydra.
The 20-headed hydra is almost dead.
The 20-headed hydra bites you but does no damage.
The 20-headed hydra bites you!
You die...

,......^.........................
,....#####################..#####
,.,,,* #..# ,,,,,* #..# ,,,,,*
#..# ,,,,,* #..# ,,,,,* #..#
,,,,,****#################..#####
***,,,,,,......<@................
*,,,,,,.......D...........)....
*,,,,,,........................
*,,****###...###...#####.######
***,,* #...* #...# #.#
,,,,,******#...* #...# #.#
,,,,,,,,,......###...#####.######
**,,,,,,,,....................[..
#...,,,,,,......................


You could see a 20-headed hydra (slow, corroded).

Vanquished Creatures
  5 two-headed ogres
  Pikel (D:6)
  Maggie (D:6)
  A komodo dragon (D:9)
  3 trolls
  2 hornets
  Sigmund (D:3)
  11 yaks
  A wraith (D:11)
  A wyvern (D:8)
  6 vampire mosquitoes
  A basilisk (D:7)
  4 water moccasins
  Duvessa (D:5)
  7 orc warriors
  4 black bears
  An ice beast (D:6)
  3 ogres
  5 centaurs
  A kobold brigand (D:9)
  3 bullfrogs
  3 scorpions
  9 wights (D:8)
  Dowan (D:5)
  3 killer bees (D:9)
  A howler monkey (D:6)
  4 hounds
  2 gnoll shamans
  10 orc priests
  7 iguanas
  14 orc wizards
  8 adders
  14 gnolls
  A shadow imp (D:7)
  2 white imps
  An ufetubus (D:6)
  2 worms
  3 dart slugs
  35 orcs
  10 ball pythons
  7 endoplasms
  A giant cockroach (D:4)
  15 goblins
  9 hobgoblins
  3 jackals (D:1)
  A quokka (D:3)
  5 bats
  13 kobolds
  5 rats
252 creatures vanquished.

Vanquished Creatures (others)
  A bush (D:10)
  22 fungi (D:10)
  18 plants (D:10)
41 creatures vanquished.

Grand Total: 293 creatures vanquished

Notes
Turn   | Place    | Note
-------+----------+-------------------------------------------
     0 | D:1      | oblizorion1 the Hill Orc Fighter began the quest for the
                  | Orb.
     0 | D:1      | Reached XP level 1. HP: 19/19 MP: 1/1
    63 | D:1      | Found a faded altar of an unknown god.
   141 | D:1      | Reached XP level 2. HP: 23/27 MP: 2/2
   236 | D:1      | Reached skill level 3 in Axes
   314 | D:1      | Reached XP level 3. HP: 30/33 MP: 3/3
   593 | D:2      | Identified the +9 battleaxe of Egomania {drain, rF++}
  1058 | D:2      | Reached XP level 4. HP: 40/40 MP: 4/4
  1590 | D:3      | Reached skill level 4 in Axes
  1781 | D:3      | Noticed Sigmund
  1784 | D:3      | Reached skill level 5 in Axes
  1784 | D:3      | Reached XP level 5. HP: 46/46 MP: 5/5
  1795 | D:3      | Killed Sigmund
  1796 | D:3      | Reached skill level 6 in Axes
  1796 | D:3      | Reached skill level 5 in Armour
  1796 | D:3      | Reached XP level 6. HP: 27/53 MP: 6/6
  2085 | D:3      | Found a stormy altar of Qazlal.
  2365 | D:4      | Found a glowing drain.
  2396 | D:4      | Found a shimmering blue altar of Sif Muna.
  2708 | D:4      | Reached XP level 7. HP: 60/60 MP: 7/7
  3126 | D:5      | Entered Level 5 of the Dungeon
  3186 | D:5      | Reached skill level 7 in Axes
  3355 | D:5      | Noticed Duvessa
  3356 | D:5      | Noticed Dowan
  3362 | D:5      | Killed Duvessa
  3369 | D:5      | Killed Dowan
  3590 | D:5      | Reached skill level 5 in Fighting
  3605 | D:5      | Noticed a yak
  3612 | D:5      | Killed a yak
  3613 | D:5      | Reached skill level 8 in Axes
  3613 | D:5      | Reached XP level 8. HP: 66/69 MP: 8/8
  3851 | D:5      | Reached skill level 9 in Axes
  4277 | D:6      | Reached skill level 10 in Axes
  4286 | D:6      | Reached XP level 9. HP: 75/75 MP: 9/9
  4293 | D:6      | Noticed a troll
  4299 | D:6      | Killed a troll
  4300 | D:6      | Reached skill level 11 in Axes
  4348 | D:6      | Noticed Maggie
  4361 | D:6      | Killed Maggie
  5097 | D:7      | Noticed Pikel
  5109 | D:6      | Killed Pikel
  5110 | D:6      | Reached skill level 12 in Axes
  5595 | D:7      | Reached skill level 13 in Axes
  5713 | D:7      | Found a staircase to the Ecumenical Temple.
  5870 | D:7      | Noticed a hornet
  5877 | D:7      | Paralysed by a hornet for 2 turns
  5882 | D:7      | Killed a hornet
  5883 | D:7      | Reached XP level 10. HP: 76/88 MP: 10/10
  6620 | D:8      | Noticed a two-headed ogre
  6636 | D:8      | Killed a two-headed ogre
  6831 | D:8      | Reached skill level 14 in Axes
  7918 | D:9      | Found a blossoming altar of Fedhas.
  7966 | D:9      | Found Yphit's Assorted Antiques.
  7973 | D:9      | Bought a scroll of identify for 58 gold pieces
  7973 | D:9      | Bought a scroll of identify for 58 gold pieces
  7991 | D:9      | Reached skill level 1 in Throwing
  8442 | D:9      | Reached skill level 1 in Dodging
  9277 | D:10     | Entered Level 10 of the Dungeon
  9291 | D:9      | Reached XP level 11. HP: 68/99 MP: 11/11
  9709 | D:9      | Reached skill level 10 in Fighting
  9809 | D:9      | Reached skill level 1 in Maces & Flails
  9814 | D:9      | Reached skill level 10 in Armour
 10260 | D:10     | Found a staircase to the Lair.
 10483 | D:10     | Noticed a two-headed ogre
 10502 | D:10     | Killed a two-headed ogre
 10687 | D:10     | Noticed a two-headed ogre
 10695 | D:10     | Killed a two-headed ogre
 10696 | D:10     | Reached skill level 15 in Axes
 10796 | D:10     | Found a burning altar of Makhleb.
 10797 | D:10     | Found an iron altar of Okawaru.
 10797 | D:10     | Found a bloodstained altar of Trog.
 11638 | D:11     | Found a staircase to the Orcish Mines.
 11957 | D:11     | Noticed a two-headed ogre
 11967 | D:11     | Killed a two-headed ogre
 12169 | D:11     | Noticed a six-headed hydra
 12240 | D:12     | Noticed a deep elf pyromancer
 12663 | D:11     | Noticed a two-headed ogre
 12674 | D:11     | Killed a two-headed ogre
 12816 | D:11     | HP: 5/101 [19-headed hydra (5)]
 12819 | D:11     | Slain by a 20-headed hydra

Illustrated notes

Levels and vault maps discovered:
D:1:      dpeg_arrival_fog, layout_rooms, hellmonk_ecumenical_altar_crossroads
D:2:      layout_loops_ring, grunt_decor_clamped, guppyfry_early_orc_mine
D:3:      layout_loops_ring, nicolae_qazlal_eye_of_the_storm, uniq_sigmund
D:4:      layout_basic, led_sif_pool, serial_rivers,
          chequers_serial_rivers_small_b, chequers_serial_rivers_room_a,
          chequers_serial_rivers_small_3, chequers_serial_rivers_marsh,
          chequers_serial_rivers_micro_c, cheibrodos_sewer_entry_drain
D:5:      layout_loops_ring, minmay_increasing_density, uniq_duvessa
D:6:      layout_cave_pods, minmay_chambers_of_fives, uniq_maggie
D:7:      layout_layer_cave, temple_pool_b, uniq_pikel
D:8:      layout_basic
D:9:      layout_roguey, fedhas_ov_isle_minmay, serial_shops,
          nicolae_square_shop
D:10:     layout_irregular_city, gammafunk_temple_overflow_forgotten,
          due_lair_maze_entry_diamond, minmay_tree_intersection
D:11:     layout_small_grid, david_orc_4
D:12:     layout_roguey, portal_ice_cave_entry_ice_simulacra

Skill      XL: |  1  2  3  4  5  6  7  8  9 10 11 |
---------------+----------------------------------+-----
Axes           | 3 5 6 8 10 13 14 15 | 15.1
Armour         | 4 5 6 7 8 9 11 | 11.5
Fighting       | 4 5 6 7 9 10 | 10.9
Throwing       | 1 3 |  3.6
Dodging        | 1 |  1.2
Shields        | 4 |  4.6
Maces & Flails | 3 |  3.5
Polearms       | |  0.3
Stealth        | |  0.5

Action                   |  1- 3 |  4- 6 |  7- 9 | 10-12 || total
-------------------------+-------+-------+-------+-------++-------
Melee: War axe           |    33 |       |       |       ||    33
       Battleaxe         |    22 |    84 |   146 |   128 ||   380
       Flail             |       |       |       |    63 ||    63
       Hand axe          |       |       |       |   135 ||   135
       Spear             |       |       |       |    22 ||    22
Throw: Dart              |     1 |     3 |     3 |     7 ||    14
       Javelin           |       |       |       |     8 ||     8
       Boomerang         |       |       |       |    42 ||    42
Evoke: Wand              |       |       |       |     9 ||     9
  Use: Scroll            |       |       |     8 |    10 ||    18
       Potion            |       |       |       |     6 ||     6
Armor: Scale mail        |    21 |       |       |       ||    21
       Plate armour      |     9 |    65 |    83 |   348 ||   505
Dodge: Dodged            |    27 |    29 |    61 |   162 ||   279
Block: Buckler           |     9 |       |       |    69 ||    78

Table legend: (Time is in decaauts)
 A = Elapsed time spent in this place.
 B = Non-inter-level travel time spent in this place.
 C = Inter-level travel time spent in this place.
 D = Time resting spent in this place.
 E = Time spent auto-exploring this place.
 F = Levels seen in this place.
 G = Mean time per level.
                   A        B        C        D        E       F      G
               +--------+--------+--------+--------+--------+-----+--------+
         Total |  12891 |  12467 |    424 |   3848 |   4896 |  12 | 1074.2 |
       Dungeon |  12891 |  12467 |    424 |   3848 |   4896 |  12 | 1074.2 |
               +--------+--------+--------+--------+--------+-----+--------+

Top non-repeatable levels by time:
     D:9: 2340 daAuts
     D:8: 1429 daAuts
     D:7: 1309 daAuts
    D:11: 1308 daAuts
    D:10: 1237 daAuts
     D:5: 1091 daAuts
     D:6: 975 daAuts
     D:2: 916 daAuts
     D:3: 894 daAuts
     D:4: 800 daAuts
     D:1: 586 daAuts
    D:12: 2 daAuts
